AoeStats
← Istota Zbita

Arena

506387748Analyzed
1v1 RM · 20d ago on Sep 13, 2026· 49m 57s· 2 players
Game mode
Random Map
Map size
Tiny (2 player)
Population
200
Speed
Normal
Resources
Standard
Victory
Conquest
Starting age
Dark Age
Ending age
Imperial Age
RankedLock teamsTeams togetherTeam positionsShared explorationLock speedFull tech treeHidden civsTurbo modeCheats
Victory
Defeat
🇺🇸 Khmer · United States
868
+16
🇵🇱 Burgundians · Poland
871
-40
Shot-A-Burger
11:15 Feudal Age
11:56 Double-Bit Axe
11:53 Horse Collar
13:34 Wheelbarrow
16:55 Castle Age
18:13 Bow Saw
18:06 Heavy Plow
20:04 Hand Cart
19:34 Town Watch
30:55 Imperial Age
28:11 Loom
29:42 Scale Barding Armor
29:48 Forging
29:28 Fletching
29:40 Padded Archer Armor
31:46 Husbandry
31:57 Bloodlines
32:55 Ballistics
33:23 Crop Rotation
34:10 Chemistry
33:16 Siege Engineers
32:39 Heavy Scorpion
34:26 Elite Battle Elephant
36:15 Chain Barding Armor
36:31 Iron Casting
38:08 Plate Barding Armor
39:51 Blast Furnace
38:48 Bodkin Arrow
39:27 Tusk Swords
39:29 Stone Mining
39:29 Gold Mining
41:46 Conscription
42:41 Double Crossbow
Istota Zbita
0:35 Loom
6:57 Wheelbarrow
11:20 Feudal Age
9:52 Double-Bit Axe
12:21 Bow Saw
12:40 Horse Collar
13:03 Gold Mining
16:18 Heavy Plow
19:21 Castle Age
19:33 Town Watch
20:05 Forging
21:38 Hand Cart
21:02 Pikeman
26:20 Two-Man Saw
25:34 Squires
27:50 Crop Rotation
27:38 Town Patrol
29:53 Stone Mining
30:39 Gold Shaft Mining
30:45 Cavalier
32:12 Herbal Medicine
32:36 Husbandry
35:33 Imperial Age
33:52 Treadmill Crane
35:15 Burgundian Vineyards
36:12 Stone Shaft Mining
36:04 Murder Holes
36:20 Fortified Wall
35:35 Halberdier
36:12 Fletching
36:23 Scale Mail Armor
37:20 Conscription
38:57 Scale Barding Armor
39:43 Elite Coustillier
40:40 Bodkin Arrow
42:29 Devotion
48:17 Paladin
Connection lost

Rejoining the realm…

Still unreachable

The connection could not be restored.

Session expired

The server has moved on; the page needs a fresh start.